AoeStats
← JohanFH717

Arabia

510570375Analyzed
1v1 RM · 1d ago on Oct 1, 2026· 42m 59s· 2 players
Game mode
Random Map
Map size
Tiny (2 player)
Population
200
Speed
Normal
Resources
Standard
Victory
Conquest
Starting age
Dark Age
Ending age
Imperial Age
RankedLock teamsTeams togetherTeam positionsShared explorationLock speedFull tech treeHidden civsTurbo modeCheats
Victory
Defeat
🇪🇸 Koreans · Spain
1084
+15
🇭🇷 Khmer · Croatia
1052
-15
JohanFH717
6:56 Loom
9:54 Feudal Age
20:39 Castle Age
18:59 Fletching
19:19 Double-Bit Axe
19:28 Gold Mining
20:30 Bloodlines
22:55 Wheelbarrow
22:05 Town Watch
30:05 Bodkin Arrow
30:53 Scale Barding Armor
30:50 Husbandry
34:20 Chain Barding Armor
37:43 Forging
Rey EdDrO
3:45 Loom
10:35 Feudal Age
12:53 Double-Bit Axe
16:45 Scale Barding Armor
21:20 Castle Age
19:51 Gold Mining
19:54 Fletching
20:34 Stone Mining
20:28 Horse Collar
22:26 Wheelbarrow
22:33 Bodkin Arrow
22:51 Bow Saw
22:56 Squires
26:48 Elite Skirmisher
29:49 Gold Shaft Mining
31:23 Husbandry
33:22 Hand Cart
35:05 Ballistics
39:57 Imperial Age
42:04 Bracer
41:51 Elite Fire Lancer
43:50 Conscription
Connection lost

Rejoining the realm…

Still unreachable

The connection could not be restored.

Session expired

The server has moved on; the page needs a fresh start.